 Dungeon Crawl Stone Soup version 0.27.1 (webtiles) character file.

Game seed: 9812279639875607904

23 Destapler the Skirmisher (level 2, -1/27 HPs)
             Began as a Minotaur Hunter on Aug 29, 2021.
             Slain by a kobold (5 damage)
             ... on level 1 of the Dungeon.
             The game lasted 00:00:31 (379 turns).

Destapler the Skirmisher (Minotaur Hunter)           Turns: 379, Time: 00:00:32

Health: -1/27      AC:  3    Str: 16    XL:     2   Next: 72%
Magic:  1/1        EV: 11    Int:  8    God:
Gold:   0          SH:  0    Dex: 10    Spells: 1/1 levels left

rFire    . . .     SeeInvis .   a - +0 short sword
rCold    . . .     Faith    .   (no shield)
rNeg     . . .     Spirit   .   b - +0 leather armour
rPois    .         Reflect  .   (helmet restricted)
rElec    .         Harm     .   (no cloak)
rCorr    .         Rampage  .   (no gloves)
Will     .....                  (no boots)
Stlth    +.........             (no amulet)
HPRegen  0.09/turn              (no ring)
MPRegen  0.07/turn              (no ring)

@: no status effects
A: horns 2, retaliatory headbutt
a: no special abilities


You were on level 1 of the Dungeon.
You visited 1 branch of the dungeon, and saw 1 of its levels.

Inventory:

Hand Weapons
 a - a +0 short sword (weapon)
Missiles
 c - 6 javelins (quivered)
 d - 2 throwing nets
Armour
 b - a +0 leather armour (worn)
Scrolls
 e - 3 scrolls of amnesia {unknown}


   Skills:
 + Level 4.1 Fighting
 - Level 4.0 Throwing
 - Level 2.1 Dodging
 - Level 0.7 Stealth


You had one spell level left.
You didn't know any spells.
Your spell library contained the following spells:

 Spells                   Type           Power      Damage    Failure   Level
 Conjure Ball Lightning   Conj/Air       0%         3x3d6     100%        6
 Discord                  Hex            0%         N/A       100%        8
 Disjunction              Tloc           0%         N/A       100%        8


Dungeon Overview and Level Annotations

Branches:
Dungeon (1/15)

Altars:


Innate Abilities, Weirdness & Mutations

You have a pair of horns on your head.
You reflexively headbutt those who attack you in melee.


Message History

There is an open door here.
You pick up a book of Chaos and begin reading...
You add the spells Conjure Ball Lightning, Disjunction and Discord to your library.
A kobold comes into view. It is wielding a +0 short sword.
The kobold shouts!
You hear a shout!
A quokka comes into view.
Found a leather armour.
A rat and a gnoll come into view.
The gnoll shouts!
The kobold hits you with a +0 short sword.
You hit the quokka. Your headbutt misses the quokka.
The quokka is almost dead.
The quokka barely misses you.
The kobold hits you with a +0 short sword.
You barely miss the quokka.
The quokka is almost dead.
The quokka bites you.
The kobold hits you with a +0 short sword.
The quokka barely misses you. You furiously retaliate!
You headbutt the quokka!
You kill the quokka!
You completely miss the kobold. Your headbutt misses the kobold.
The kobold closely misses you.
You closely miss the gnoll. The gnoll hits you with a +0 club!
The kobold hits you but does no damage.
You hit the gnoll but do no damage. You headbutt the gnoll!
The gnoll is severely wounded.
The gnoll hits you with a +0 club.
* * * LOW HITPOINT WARNING * * *
The kobold hits you with a +0 short sword.
* * * LOW HITPOINT WARNING * * *
You are too injured to fight recklessly!
You are too injured to fight recklessly!
You aren't carrying any potions.
You closely miss the gnoll. You headbutt the gnoll.
You kill the gnoll!
Your Fighting skill increases to level 4!
You barely miss the kobold.
You headbutt the kobold, but do no damage.
The kobold hits you with a +0 short sword.
You die...

.# #.# #.# .+ #. #.# #†# ##
.. #.#### #. # #..... #.#.
#. #.#######. #.#. #.##
#..#......... ##+#...##..#
........##### ........##.#
......†.'.... #....[..##@#
...[....##... #.......##K##
........##.##
#.....†.##r.##........##.##
#......r......#+##.....#.##
###...#.###...#.##.....#.#.
#.. #.# #...#.##.....#.#†
#. #.# #...#.##.....+.#. ..
#.# #...#.##.....#### .#
#.# #................


You could see a kobold and a rat.

Vanquished Creatures
  A gnoll (D:1)
  2 dart slugs (D:1)
  A goblin (D:1)
  2 hobgoblins (D:1)
  A quokka (D:1)
  A bat (D:1)
  2 rats (D:1)
10 creatures vanquished.

Notes
Turn   | Place    | Note
-------+----------+-------------------------------------------
     0 | D:1      | Destapler the Minotaur Hunter began the quest for the Orb.
     0 | D:1      | Reached XP level 1. HP: 18/18 MP: 0/0
   253 | D:1      | Reached XP level 2. HP: 21/26 MP: 1/1
   379 | D:1      | Slain by a kobold

Illustrated notes

Levels and vault maps discovered:
D:1:      dpeg_arrival_radiant, layout_basic, minmay_misc_feat_enclosed

Skill      XL: |  1  2 |
---------------+-------+-----
Fighting       | 3 4 |  4.1
Throwing       | |  4.0
Dodging        | |  2.1
Stealth        | |  0.7

Action                   || total
-------------------------++-------
Melee: Short sword       ||    30
       Headbutt          ||     6
Armor: Leather armour    ||    10
Dodge: Dodged            ||    26
